 Dungeon Crawl Stone Soup version 0.19.1 (webtiles) character file.

1637 sveltemanboy the Basher (level 8, -3/46 HPs)
             Began as a Gargoyle Monk on Dec 22, 2016.
             Was a Believer of Okawaru.
             Slain by an orc warrior
             ... wielding a +0 glaive
              (7 damage)
             ... on level 7 of the Dungeon.
             The game lasted 00:13:28 (5868 turns).

sveltemanboy the Basher (Gargoyle Monk)             Turns: 5868, Time: 00:13:28

Health: -3/46      AC: 14    Str: 19    XL:     8   Next: 98%
Magic:  8/8        EV: 12    Int: 15    God:    Okawaru [**....]
Gold:   309        SH:  0    Dex: 17    Spells: 0 memorised, 7 levels left

rFire  . . .     SeeInvis +     M - +1 hand axe "Jitocamu" {speed, rC+ rN+ Int+3 SInv} (curse)
rCold  + . .     Gourm    .     a - +0 ring mail (curse)
rNeg   + + .     Faith    .     (no shield)
rPois  ∞         Spirit   .     (no helmet)
rElec  +         Reflect  .     (no cloak)
rCorr  .         Harm     .     H - +2 pair of gloves
MR     .....                    y - +0 pair of boots
Stlth  ++........               (no amulet)
                                E - +3 ring of strength
                                t - +5 ring of dexterity

@: no status effects
A: hooves 1, deterioration 1, negative energy resistance 1, sense surroundings
1, electricity resistance, unbreathing, petrification resistance, rot immunity,
AC +5
a: Heroism, Renounce Religion


You were on level 7 of the Dungeon.
You worshipped Okawaru.
Okawaru was pleased with you.
You were not hungry.

You visited 2 branches of the dungeon, and saw 8 of its levels.

You collected 309 gold pieces.

Inventory:

Hand Weapons
 b - a +0 flail
 M - the cursed +1 hand axe "Jitocamu" (weapon) {speed, rC+ rN+ Int+3 SInv}
   (You found it on level 7 of the Dungeon)

   Attacks with this weapon are significantly faster.
   It affects your intelligence (+3).
   It protects you from cold.
   It protects you from negative energy.
   It lets you see invisible.
   It has a curse placed upon it.
Armour
 a - a cursed +0 ring mail (worn)
 y - a +0 pair of boots (worn)
 H - a +2 pair of gloves (worn)
Jewellery
 t - a +5 ring of dexterity (left hand)
 E - a +3 ring of strength (right hand)
Wands
 l - a wand of teleportation (1/9)
 u - a wand of confusion (9/48)
 J - a wand of hasting (4/9)
Scrolls
 d - 6 scrolls of remove curse
 e - 8 scrolls of identify {unknown}
 f - a scroll of enchant weapon {unknown}
 g - a scroll of blinking {unknown}
 k - 3 scrolls of teleportation {unknown}
 p - 2 scrolls of fog {unknown}
 q - 2 scrolls of magic mapping {unknown}
 s - a scroll of random uselessness {unknown}
 F - a scroll of noise {unknown}
 G - a scroll of fear {unknown}
Potions
 h - 3 potions of brilliance {unknown}
 i - a potion of degeneration {unknown}
 j - 2 potions of invisibility {unknown}
 m - 4 potions of curing {unknown}
 o - a potion of might {unknown}
 r - 4 potions of mutation
 v - 3 potions of agility {unknown}
 w - a potion of ambrosia {unknown}
 z - a potion of magic {unknown}
 A - a potion of cancellation {unknown}
 B - a potion of heal wounds {unknown}
 C - 2 potions of haste {unknown}
 L - a potion of resistance {unknown}
Comestibles
 c - 2 bread rations
 n - 6 meat rations
 D - a royal jelly
 I - 4 chunks of flesh
 K - 2 fruits


   Skills:
 - Level 3.2 Fighting
 * Level 11.0 Maces & Flails
 - Level 2.0 Armour
 - Level 2.4 Dodging
 - Level 2.1 Stealth
 + Level 1.3 Invocations


You had 7 spell levels left.
You didn't know any spells.

Dungeon Overview and Level Annotations

Branches:
Dungeon (7/15)             Temple (1/1) D:6

Altars:
Cheibriados
Fedhas
Okawaru
Ru
Trog
Uskayaw
Vehumet


Innate Abilities, Weirdness & Mutations

You are resistant to torment.
Your stone body is resilient. (AC +5)
You are immune to poison.
You resist negative energy. (rN+)
You are resistant to electric shocks. (rElec)
You can survive without breathing.
You are immune to petrification.
You are immune to rotting.
You have large cloven feet.
Your body sometimes deteriorates upon taking damage.
You passively map a small area around you.


Message History

The orc warrior barely misses you.
You hit the orc warrior but do no damage.
The orc warrior is moderately wounded.
You hit the orc warrior but do no damage.
The orc warrior is moderately wounded.
The orc warrior completely misses you.
You hit the orc warrior.
The orc warrior is moderately wounded.
You hit the orc warrior but do no damage.
The orc warrior is moderately wounded.
The orc warrior hits you with a glaive!
* * * LOW HITPOINT WARNING * * *
You are too injured to fight recklessly!
You are too injured to fight recklessly!
You are too injured to fight recklessly!
It was a potion of mutation.
You feel extremely strange.
Your feet thicken and deform.
You feel yourself wasting away.
You feel a strange attunement to the structure of the dungeons.
The orc warrior hits you with a glaive!
You die...

##......###'###...†...
..........#....#........
,
..........#....#........
.........#....+........
, ........#....##.......
#......#....##..:.... ,
#.....?'....#........ ,
, ,+......#....+........
#..o@..#....######... *
#..))).######....#... ,
#.......# #....#... , ,*
#.....$.# #.)..#... ,,
#.......# #....#... * ,
#.......# #....#...
#.......# #....#... ,,
#.......# #....'... ,
#....####


You could see an orc warrior.

Vanquished Creatures
  3 ice beasts
  A sky beast (D:3)
  A phantom (D:6)
  A necrophage (D:7)
  3 ogres
  A scorpion (D:4)
  A howler monkey (D:4)
  A jelly (D:6)
  4 orc wizards
  3 orc priests
  A hound (D:6)
  A bullfrog skeleton (D:4)
  2 iguanas (D:4)
  Terence (D:3)
  4 worker ants
  A hound zombie (D:5)
  A hound skeleton (D:7)
  3 gnolls (D:4)
  10 adders
  A shadow imp (D:7)
  3 worms
  A dart slug (D:1)
  4 leopard geckos
  18 orcs
  8 bats
  7 giant cockroaches
  7 goblins
  11 hobgoblins
  7 kobolds
  4 quokkas
  A ball python (D:2)
  4 frilled lizards
  A leopard gecko skeleton (D:5)
  5 rats
125 creatures vanquished.

Notes
Turn   | Place    | Note
-------+----------+-------------------------------------------
     0 | D:1      | sveltemanboy the Gargoyle Monk began the quest for the Orb.
     0 | D:1      | Reached XP level 1. HP: 14/14 MP: 1/1
    95 | D:1      | Reached XP level 2. HP: 17/19 MP: 2/2
   235 | D:1      | Reached skill level 1 in Armour
   418 | D:1      | Reached XP level 3. HP: 18/23 MP: 3/3
   794 | D:2      | Reached skill level 4 in Maces & Flails
  1128 | D:2      | Found a snail-covered altar of Cheibriados.
  1416 | D:3      | Noticed an ogre
  1552 | D:3      | Reached XP level 4. HP: 28/28 MP: 4/4
  1854 | D:3      | Noticed Terence
  1982 | D:3      | Killed Terence
  2012 | D:3      | Noticed a sky beast
  2102 | D:3      | Killed a sky beast
  2102 | D:3      | Reached skill level 5 in Maces & Flails
  2102 | D:3      | Reached XP level 5. HP: 11/32 MP: 5/5
  2548 | D:3      | Killed an ogre
  2548 | D:3      | Reached skill level 6 in Maces & Flails
  2548 | D:3      | Reached XP level 6. HP: 19/37 MP: 6/6
  2704 | D:4      | Reached skill level 7 in Maces & Flails
  2973 | D:4      | Reached XP level 7. HP: 40/41 MP: 7/7
  3380 | D:4      | Reached skill level 8 in Maces & Flails
  3679 | D:5      | Entered Level 5 of the Dungeon
  3998 | D:5      | Reached skill level 9 in Maces & Flails
  4117 | D:5      | Reached XP level 8. HP: 46/46 MP: 8/8
  4812 | D:6      | Reached skill level 10 in Maces & Flails
  5162 | D:6      | Found a staircase to the Ecumenical Temple.
  5173 | Temple   | Entered the Ecumenical Temple
  5180 | Temple   | Became a worshipper of Warmaster Okawaru
  5180 | Temple   | Reached * piety under Okawaru
  5180 | Temple   | Reached ** piety under Okawaru
  5766 | D:7      | Reached skill level 1 in Invocations
  5775 | D:7      | Reached skill level 11 in Maces & Flails
  5800 | D:7      | Got a jewelled hand axe
  5801 | D:7      | Identified the cursed +1 hand axe "Jitocamu" {speed, rC+ rN+ Int+3 SInv} (You found it on level 7 of the Dungeon)
  5868 | D:7      | Gained mutation: You have large cloven feet. [potion of mutation]
  5868 | D:7      | Gained mutation: Your body sometimes deteriorates upon taking damage. [potion of mutation]
  5868 | D:7      | Gained mutation: You passively map a small area around you. [potion of mutation]
  5868 | D:7      | Slain by an orc warrior

Skill      XL: |  1  2  3  4  5  6  7  8 |
---------------+-------------------------+-----
Armour         | 1 2 |  2.0
Maces & Flails | 4 5 6 7 9 11 | 11.0
Invocations    | 1 |  1.3
Fighting       | |  3.2
Dodging        | |  2.4
Stealth        | |  2.1

Action                   |  1- 3 |  4- 6 |  7- 9 || total
-------------------------+-------+-------+-------++-------
Melee: Mace              |   105 |    62 |       ||   167
       Whip              |       |    55 |   429 ||   484
       Hand axe          |       |       |    23 ||    23
  Use: Scroll            |       |       |     1 ||     1
       Potion            |       |       |     1 ||     1
 Stab: Sleeping          |     5 |     2 |     4 ||    11
       Distracted        |       |       |     1 ||     1
  Eat: Chunk             |     2 |     5 |     9 ||    16
       Bread ration      |       |     1 |       ||     1
Armor: Robe              |    31 |    14 |       ||    45
       Ring mail         |       |     3 |   140 ||   143
Dodge: Dodged            |    56 |    59 |   193 ||   308
